[Event "Titled Tuesday Blitz March 14 Late 2023"]
[White "Adury, Anant"]
[Black "Domingo Nunez, Ruben"]
[WhiteFideId "30964687"]
[BlackFideId "22245570"]
[WhiteElo "2254"]
[BlackElo "2404"]
[Result "0-1"]
[Round "01"]
[TimeControl "180+1"]
[Date "2023.03.14"]
[WhiteClock "0:00:30"]
[BlackClock "0:01:42"]

1. Nf3 g6 2. d4 Bg7 3. e4 c6 4. Nc3 d5 5. Be2 dxe4 6. Nxe4 Nf6 7. Nxf6+ exf6 8. O-O O-O 9. c3 a5 10. a4 Na6 11. Bf4 Nc7 12. Re1 Nd5 13. Bd2 Be6 14. Qc2 Qd6 15. Bd3 Rfe8 16. Rad1 Bf8 17. Bc1 Nf4 18. Bxf4 Qxf4 19. Re4 Qd6 20. Rde1 Bd7 21. Rxe8 Rxe8 22. Rxe8 Bxe8 23. Qe2 Bd7 24. Nd2 Kg7 25. Nc4 Qc7 26. g3 h5 27. h4 b5 28. axb5 cxb5 29. Ne3 b4 30. Nd5 Qd6 31. Ne3 bxc3 32. bxc3 Qa3 33. Qc2 a4 34. Kg2 Qa1 35. c4 Qxd4 36. Be4 a3 37. Bd5 Bc5 0-1


[Site "https://www.chess.com"]

[Event "Titled Tuesday Blitz March 14 Late 2023"]
[White "Aldokhin, Ivan"]
[Black "Avalos Parra, Joao"]
[WhiteFideId "24115720"]
[BlackFideId "3402541"]
[WhiteElo "2322"]
[BlackElo "2173"]
[Result "1-0"]
[Round "01"]
[TimeControl "180+1"]
[Date "2023.03.14"]
[WhiteClock "0:02:05"]
[BlackClock "0:01:07"]

1. e4 e5 2. Nf3 Nc6 3. Bb5 a6 4. Ba4 Nf6 5. O-O b5 6. Bb3 Bc5 7. Nxe5 Nxe5 8. d4 Bxd4 9. Qxd4 d6 10. f4 Nc6 11. Qc3 Bd7 12. e5 Ne4 13. Qe3 Bf5 14. Bd5 Qd7 15. Bxe4 Bxe4 16. Qxe4 dxe5 17. Nc3 O-O 18. fxe5 Rae8 19. Bf4 Qg4 20. Qxc6 1-0


[Site "https://www.chess.com"]

[Event "Titled Tuesday Blitz March 14 Late 2023"]
[White "Almeida Quintana, Omar"]
[Black "Castillo Pena, Patricia Evarista"]
[WhiteFideId "3503313"]
[BlackFideId "6412106"]
[WhiteElo "2530"]
[BlackElo "1919"]
[Result "1-0"]
[Round "01"]
[TimeControl "180+1"]
[Date "2023.03.14"]
[WhiteClock "0:00:53"]
[BlackClock "0:00:02"]

1. d4 d5 2. Nf3 Nf6 3. c4 c6 4. Nc3 e6 5. Bg5 Be7 6. e3 Nbd7 7. a3 h6 8. Bh4 O-O 9. Rc1 a6 10. cxd5 exd5 11. Bd3 Re8 12. O-O c5 13. dxc5 Nxc5 14. Nd4 Bg4 15. Be2 Bxe2 16. Qxe2 Nce4 17. Nxe4 Nxe4 18. Bxe7 Qxe7 19. Rc2 Rac8 20. Rfc1 Qd7 21. h3 Ng5 22. Qg4 Qxg4 23. hxg4 Rxc2 24. Rxc2 Re4 25. Rc8+ Kh7 26. Rc7 Rxg4 27. Rxb7 Nh3+ 28. Kf1 Ng5 29. Ra7 Ne4 30. f3 Ng3+ 31. Kf2 Rg6 32. Rxf7 Nh1+ 33. Kg1 Ng3 34. b4 h5 35. Nf5 Ne2+ 36. Kf2 Nc3 37. g3 Nb5 38. a4 Nc3 39. a5 Na2 40. Rb7 Nc3 41. Rb6 1-0


[Site "https://www.chess.com"]

[Event "Titled Tuesday Blitz March 14 Late 2023"]
[White "Ambartsumova, Karina"]
[Black "Wang, Alexander J"]
[WhiteFideId "4166299"]
[BlackFideId "30955270"]
[WhiteElo "2300"]
[BlackElo "2213"]
[Result "1-0"]
[Round "01"]
[TimeControl "180+1"]
[Date "2023.03.14"]
[WhiteClock "0:00:14"]
[BlackClock "0:00:24"]

1. Nf3 d5 2. e3 c5 3. c4 Nc6 4. cxd5 Qxd5 5. Nc3 Qd8 6. Bb5 Bd7 7. O-O a6 8. Bxc6 Bxc6 9. d4 e6 10. Ne5 Nf6 11. Nxc6 bxc6 12. Qf3 Qc7 13. Rd1 cxd4 14. Rxd4 Be7 15. Bd2 O-O 16. Rc1 c5 17. Rc4 Rfd8 18. Be1 Nd5 19. Ne4 Rac8 20. h3 Qb6 21. b3 f5 22. Nc3 Nxc3 23. Bxc3 Qd6 24. g3 Qd5 25. Kg2 e5 26. Qxd5+ Rxd5 27. e4 fxe4 28. Rxe4 Bd6 29. Rc2 Kf7 30. Rc4 Ke6 31. Bd2 Rd3 32. Be3 Kd5 33. b4 Rd1 34. bxc5 a5 35. cxd6 Rxc4 36. d7 Ke6 37. Rxc4 Kxd7 38. Rc5 Ke6 39. Rxa5 Ra1 40. a4 Ra3 41. Ra7 g6 42. a5 Ra4 43. Bb6 Kd5 44. Rxh7 Kc6 45. Rg7 Kb5 46. Rxg6 Rc4 47. Re6 Ka6 48. Rxe5 Rc6 49. h4 Rh6 50. h5 Rg6 51. hxg6 Kb7 52. g7 Kc6 53. g8=Q Kd6 54. Qd5# 1-0


[Site "https://www.chess.com"]

[Event "Titled Tuesday Blitz March 14 Late 2023"]
[White "Ansh M Shah"]
[Black "Sattarov, Bobir"]
[WhiteFideId "25033379"]
[BlackFideId "14203081"]
[WhiteElo "2084"]
[BlackElo "2351"]
[Result "0-1"]
[Round "01"]
[TimeControl "180+1"]
[Date "2023.03.14"]
[WhiteClock "0:00:19"]
[BlackClock "0:00:08"]

1. d4 Nf6 2. c4 e6 3. g3 d5 4. Bg2 dxc4 5. Nf3 Nc6 6. O-O Rb8 7. Bf4 Bd6 8. Nc3 O-O 9. e4 Bxf4 10. gxf4 b5 11. e5 Nd5 12. Nxd5 exd5 13. Kh1 Bg4 14. Qd2 b4 15. Rg1 f5 16. exf6 Rxf6 17. Ne5 Bf5 18. Qe3 Ne7 19. Bf3 Rbb6 20. Rg3 Bg6 21. Rag1 Nf5 22. Qd2 Nxg3+ 23. fxg3 c6 24. Re1 h6 25. Re3 Kh7 26. Bd1 Be4+ 27. Bf3 Bxf3+ 28. Rxf3 Qc8 29. g4 c5 30. dxc5 Qxc5 31. Nd7 Qe7 32. Nxb6 axb6 33. Qxd5 Qe2 34. Kg1 c3 35. bxc3 bxc3 36. Qd3+ Qxd3 37. Rxd3 Rc6 38. Rd1 h5 39. gxh5 Kh6 40. Kf2 Kxh5 41. Ke3 Kg4 42. Rc1 Kh3 43. Kd3 Kxh2 44. Rxc3 Rxc3+ 45. Kxc3 Kg3 46. Kb4 Kxf4 47. Kb5 g5 48. Kxb6 g4 49. a4 g3 50. a5 g2 51. a6 g1=Q+ 52. Kb7 Qg2+ 53. Kb8 Qg8+ 54. Kb7 Qf7+ 55. Kb8 Qe8+ 56. Kb7 Qd7+ 57. Kb8 Qb5+ 58. Ka7 Ke5 59. Ka8 Qxa6+ 60. Kb8 Qe6 61. Kc7 Kd5 62. Kb7 Qd6 63. Ka8 Qd7 0-1


[Site "https://www.chess.com"]

[Event "Titled Tuesday Blitz March 14 Late 2023"]
[White "Arabidze, Meri"]
[Black "Simonovic, Miroslav"]
[WhiteFideId "13604040"]
[BlackFideId "919152"]
[WhiteElo "2405"]
[BlackElo "2042"]
[Result "1-0"]
[Round "01"]
[TimeControl "180+1"]
[Date "2023.03.14"]
[WhiteClock "0:01:09"]
[BlackClock "0:00:13"]

1. Nf3 c5 2. b3 Nc6 3. Bb2 d6 4. e3 e5 5. d4 cxd4 6. exd4 e4 7. Nfd2 d5 8. c4 Nf6 9. cxd5 Nb4 10. Bb5+ Bd7 11. Bxd7+ Qxd7 12. O-O Nbxd5 13. Re1 Bb4 14. a3 Ba5 15. b4 Bb6 16. Nxe4 O-O 17. Nc5 Qf5 18. Nd2 Nf4 19. Qf3 Bxc5 20. dxc5 N6h5 21. Ne4 Qg6 22. Rad1 Rad8 23. Nd6 b6 24. Be5 Ne6 25. c6 Nf6 26. Bxf6 gxf6 27. b5 a6 28. a4 axb5 29. axb5 Ra8 30. h4 h5 31. Nf5 Qg4 32. Nh6+ Kh7 33. Nxg4 hxg4 34. Qxf6 1-0


[Site "https://www.chess.com"]

[Event "Titled Tuesday Blitz March 14 Late 2023"]
[White "Ardila, Oscar Humberto"]
[Black "Chor, Kevin"]
[WhiteFideId "4404742"]
[BlackFideId "2090740"]
[WhiteElo "1911"]
[BlackElo "2615"]
[Result "0-1"]
[Round "01"]
[TimeControl "180+1"]
[Date "2023.03.14"]
[WhiteClock "0:00:08"]
[BlackClock "0:00:14"]

1. d4 Nf6 2. c4 g6 3. Nc3 Bg7 4. Nf3 d6 5. e3 O-O 6. Be2 Nbd7 7. O-O b6 8. Qc2 Bb7 9. Rd1 a5 10. b3 Qe8 11. Bb2 c6 12. Rac1 e5 13. d5 cxd5 14. Nxd5 Bxd5 15. cxd5 Nc5 16. Bc4 Rc8 17. Qe2 Nfe4 18. Bb5 Qe7 19. Nd2 Nxd2 20. Qxd2 f5 21. Qe2 g5 22. Qh5 g4 23. h3 Rf6 24. hxg4 Rcf8 25. g5 Rg6 26. f4 exf4 27. Bxg7 Qxe3+ 28. Kh1 Rxg7 29. Re1 Qg3 30. Qh2 Ne4 31. Qxg3 fxg3 32. Kg1 Rxg5 33. Bd3 Nf2 34. Re3 f4 35. Rf3 Rh5 36. Rxf2 gxf2+ 37. Kxf2 Kg7 38. Be4 Re5 39. Bf3 Ra8 40. Rc6 a4 41. Rxb6 axb3 42. axb3 Rd8 43. Rb7+ Kg6 44. b4 Rc8 45. b5 Rc2+ 46. Kg1 Re1+ 47. Kh2 Re3 48. Kg1 Rb2 49. Rd7 Rb1+ 50. Kh2 Rxb5 51. Rxd6+ Kf5 52. Rd7 Rb2 53. Kg1 h6 54. Rf7+ Kg6 55. Rd7 Kf6 56. Rd6+ Ke5 57. Rxh6 Re1+ 58. Kh2 Kd4 59. d6 Rb8 60. d7 Rd8 61. Rh7 Kc5 62. Kh3 Rh1+ 63. Kg4 Rxh7 64. Kxf4 Rf7+ 65. Kg3 Rxf3+ 66. gxf3 Rxd7 67. f4 Kd5 68. Kg4 Ke6 69. Kg5 Kf7 70. f5 Rd5 71. Kf4 Kf6 72. Ke4 Rxf5 0-1


[Site "https://www.chess.com"]

[Event "Titled Tuesday Blitz March 14 Late 2023"]
[White "Arnold, Ken"]
[Black "Cardoso Cardoso, Jose Gabriel"]
[WhiteFideId "2056836"]
[BlackFideId "4430492"]
[WhiteElo "2349"]
[BlackElo "2496"]
[Result "0-1"]
[Round "01"]
[TimeControl "180+1"]
[Date "2023.03.14"]
[WhiteClock "0:02:13"]
[BlackClock "0:02:19"]

1. d4 Nf6 2. c4 e6 3. Nc3 d5 4. cxd5 exd5 5. Nf3 c6 6. Bf4 Bd6 7. Bxd6 Qxd6 8. e3 Bf5 9. Bd3 Bxd3 10. Qxd3 O-O 11. O-O a5 12. Ne5 Re8 13. Rac1 Nfd7 14. f4 f6 15. Nxd7 Nxd7 16. Na4 Re7 17. Rf3 Rae8 18. Qc3 Qb4 19. a3 Qxa4 0-1


[Site "https://www.chess.com"]

[Event "Titled Tuesday Blitz March 14 Late 2023"]
[White "Ashraf, Artin"]
[Black "Popov, Mikhail"]
[WhiteFideId "22514805"]
[BlackFideId "4146182"]
[WhiteElo "2188"]
[BlackElo "2270"]
[Result "1-0"]
[Round "01"]
[TimeControl "180+1"]
[Date "2023.03.14"]
[WhiteClock "0:00:43"]
[BlackClock "0:00:13"]

1. Nf3 Nf6 2. c4 g6 3. b4 Bg7 4. Bb2 O-O 5. g3 d6 6. Bg2 e5 7. d3 a5 8. b5 Nbd7 9. O-O Nc5 10. Nbd2 Bd7 11. Nb3 Na4 12. Ba3 e4 13. Nfd4 Re8 14. Qc2 Nb6 15. dxe4 a4 16. Nd2 Nxe4 17. Nxe4 Bxd4 18. Bb2 Bxb2 19. Qxb2 Rxe4 20. Bxe4 Nxc4 21. Qb4 Be6 22. Bxb7 Rb8 23. Bg2 a3 24. Rac1 d5 25. e4 c6 26. exd5 cxd5 27. Rfd1 Qg5 28. Qc5 Nb2 29. Rf1 Nd3 30. Qa7 Rxb5 31. Rc3 Nb2 32. Rxa3 Nc4 33. Rb3 Ra5 34. Rb8+ Kg7 35. Qd4+ Qf6 36. Rg8+ 1-0


[Site "https://www.chess.com"]

[Event "Titled Tuesday Blitz March 14 Late 2023"]
[White "Baches Garcia, Guillermo"]
[Black "Hansen, Eric"]
[WhiteFideId "2209764"]
[BlackFideId "2606771"]
[WhiteElo "2467"]
[BlackElo "2569"]
[Result "0-1"]
[Round "01"]
[TimeControl "180+1"]
[Date "2023.03.14"]
[WhiteClock "0:00:57"]
[BlackClock "0:01:22"]

1. e4 e6 2. d4 d5 3. exd5 Qxd5 4. Nf3 Nf6 5. Be2 b6 6. O-O Bb7 7. c4 Qd8 8. Nc3 Nbd7 9. h3 Bb4 10. Qb3 a5 11. Be3 O-O 12. Rad1 Qe7 13. Ne5 Nxe5 14. dxe5 Nd7 15. f4 Bc5 16. Nb5 Rad8 17. Bf3 Bxf3 18. Rxf3 Bxe3+ 19. Qxe3 Nxe5 20. fxe5 Rxd1+ 21. Kh2 Rfd8 22. Rg3 R1d3 23. Qf4 Rxg3 24. Qxg3 h5 25. Nc3 Rd4 26. b3 Qh4 27. Qe3 Qf4+ 0-1


[Site "https://www.chess.com"]

[Event "Titled Tuesday Blitz March 14 Late 2023"]
[White "Bacrot, Etienne"]
[Black "Sanchez Alvares, Kelvin Antonio"]
[WhiteFideId "605506"]
[BlackFideId "3906680"]
[WhiteElo "2663"]
[BlackElo "2217"]
[Result "1-0"]
[Round "01"]
[TimeControl "180+1"]
[Date "2023.03.14"]
[WhiteClock "0:00:07"]
[BlackClock "0:00:02"]

1. e4 c5 2. Nf3 d6 3. Bb5+ Nd7 4. c3 Nf6 5. Qe2 a6 6. Ba4 b5 7. Bc2 Bb7 8. O-O g6 9. d4 Bg7 10. Re1 O-O 11. e5 dxe5 12. dxe5 Ng4 13. e6 Nde5 14. Nxe5 Nxe5 15. Bf4 Nc6 16. Nd2 fxe6 17. Qxe6+ Kh8 18. Bg5 Qd6 19. Nb3 c4 20. Nd2 Qc5 21. Ne4 Qa7 22. Qh3 Bc8 23. Qh4 Bf5 24. Be3 Qc7 25. Ng5 h5 26. Bxf5 Rxf5 27. g4 Rxg5 28. Bxg5 Ne5 29. Qg3 Qc5 30. gxh5 Rf8 31. Re3 Qd5 32. h6 Bf6 33. Rae1 Nd3 34. Bxf6+ Rxf6 35. Rxe7 Rf8 36. Re8 Qf7 37. Rxf8+ Qxf8 38. Re3 Qf5 39. h4 Kh7 40. Kh2 Nf4 41. Re7+ Kh8 42. Re3 Nd5 43. Rf3 Qe4 44. Rf7 1-0


[Site "https://www.chess.com"]

[Event "Titled Tuesday Blitz March 14 Late 2023"]
[White "Barash, Anton"]
[Black "Grinev, Valeriy"]
[WhiteFideId "30935229"]
[BlackFideId "14117517"]
[WhiteElo "2344"]
[BlackElo "2365"]
[Result "0-1"]
[Round "01"]
[TimeControl "180+1"]
[Date "2023.03.14"]
[WhiteClock "0:01:29"]
[BlackClock "0:02:09"]

1. e4 c5 2. Nf3 e6 3. d4 cxd4 4. Nxd4 a6 5. Bd3 Bc5 6. Nb3 Be7 7. c4 d6 8. O-O Nf6 9. Be3 b6 10. a4 Nc6 11. a5 Nxa5 12. Nxa5 bxa5 13. Qa4+ Bd7 14. Qxa5 O-O 15. Nc3 Bc6 16. f3 Qb8 17. b4 d5 18. b5 axb5 0-1


[Site "https://www.chess.com"]

[Event "Titled Tuesday Blitz March 14 Late 2023"]
[White "Bas Mas, Jose Joaquin"]
[Black "Averjanov, Alexey"]
[WhiteFideId "22219064"]
[BlackFideId "14109867"]
[WhiteElo "2233"]
[BlackElo "2715"]
[Result "0-1"]
[Round "01"]
[TimeControl "180+1"]
[Date "2023.03.14"]
[WhiteClock "0:01:33"]
[BlackClock "0:01:36"]

1. e4 c6 2. d4 d5 3. f3 dxe4 4. fxe4 e5 5. Nf3 Bg4 6. Bc4 Nd7 7. O-O Ngf6 8. Nc3 b5 9. Be2 Bd6 10. Bg5 Qc7 11. h3 Bh5 12. a3 O-O 13. g4 Bg6 14. Bd3 exd4 15. Nxd4 Bc5 16. Ne2 Bxd4+ 17. Nxd4 Qg3+ 18. Kh1 Qxh3+ 19. Kg1 Qg3+ 20. Kh1 Bxe4+ 21. Bxe4 Nxe4 22. Qe2 Nxg5 23. Nf5 Qh3+ 24. Kg1 Rae8 25. Qf2 Qxg4+ 26. Kh1 Qh5+ 27. Kg2 Re2 0-1


[Site "https://www.chess.com"]

[Event "Titled Tuesday Blitz March 14 Late 2023"]
[White "Bernat, David"]
[Black "Perez Ponsa, Federico"]
[WhiteFideId "2099225"]
[BlackFideId "117927"]
[WhiteElo "2459"]
[BlackElo "2592"]
[Result "1-0"]
[Round "01"]
[TimeControl "180+1"]
[Date "2023.03.14"]
[WhiteClock "0:00:05"]
[BlackClock "0:00:01"]

1. c4 Nf6 2. Nc3 g6 3. g3 Bg7 4. Bg2 O-O 5. e4 c5 6. Nge2 Nc6 7. O-O d6 8. d3 a6 9. h3 Rb8 10. a4 Ne8 11. Be3 b5 12. cxb5 axb5 13. Nxb5 Nc7 14. Nxc7 Qxc7 15. d4 Rxb2 16. dxc5 Ba6 17. cxd6 exd6 18. Nf4 Bxf1 19. Nd5 Qb8 20. Bxf1 Kh8 21. a5 Rb3 22. Ra2 Rb1 23. Qa4 Nb4 24. Nb6 Nxa2 25. Qxa2 Ra1 26. Qd5 Qc7 27. Kg2 Qc3 28. Qxd6 Qe1 29. Qd3 Qxa5 30. Nd5 Qa3 31. Qd2 Ra2 32. Qd1 Rd8 33. Qf3 Kg8 34. Bc4 Rc2 35. Nf6+ Kh8 36. Bxf7 Rf8 37. Nd7 Rcc8 38. e5 Qe7 39. e6 Rfd8 40. Nb6 Rb8 41. Nd5 Qd6 42. Nf4 Qe7 43. Qg4 Bf6 44. Nxg6+ hxg6 45. Qxg6 Rd5 46. Qh6# 1-0


[Site "https://www.chess.com"]

[Event "Titled Tuesday Blitz March 14 Late 2023"]
[White "Bilych, Olexiy"]
[Black "Szente Varga, Fruzsina"]
[WhiteFideId "14156504"]
[BlackFideId "712264"]
[WhiteElo "2320"]
[BlackElo "1994"]
[Result "1-0"]
[Round "01"]
[TimeControl "180+1"]
[Date "2023.03.14"]
[WhiteClock "0:01:07"]
[BlackClock "0:00:15"]

1. d4 Nf6 2. c4 g6 3. Nc3 Bg7 4. e4 d6 5. Nge2 O-O 6. Ng3 h5 7. Bd3 h4 8. Nge2 h3 9. g3 Bg4 10. O-O Bf3 11. Qc2 e5 12. d5 Na6 13. a3 Qd7 14. b4 c5 15. dxc6 bxc6 16. Bg5 Nh7 17. Be3 Nc7 18. b5 cxb5 19. cxb5 Ne6 20. Qd2 Bf6 21. Nd5 Bg5 22. Bxg5 Nexg5 23. Qxg5 Nxg5 24. Nf6+ Kg7 25. Nxd7 Rfd8 26. Rfd1 Bg2 27. f4 Nf3+ 28. Kf2 Rxd7 29. Ng1 Nxh2 30. Be2 exf4 31. gxf4 f5 32. exf5 gxf5 33. Kg3 Ng4 34. Nxh3 Bxh3 35. Kxh3 Rh8+ 36. Kg3 Ne3 37. Rd3 Nc4 38. Rc1 Nb6 39. Rc6 Rh6 40. Bf3 Rg6+ 41. Kf2 Kf7 42. Rd4 Ke6 43. a4 Rh7 44. a5 Rh2+ 45. Ke3 Na8 46. Rdxd6+ Kf7 47. Rxg6 Rb2 48. Bd5+ Ke7 49. Rce6+ Kd7 50. Rg7+ Kd8 51. Bxa8 Rb3+ 52. Kd4 Rxb5 53. Re8+ Kxe8 54. Bc6+ Kf8 55. Bxb5 Kxg7 56. Ke5 Kg6 57. Bd7 Kf7 58. Bxf5 Ke7 59. Be6 Kf8 60. f5 Ke7 61. f6+ Ke8 62. Kd6 Kf8 63. Kc7 Ke8 64. Kb7 Kf8 65. Kxa7 Ke8 66. Kb7 Kf8 67. a6 1-0


[Site "https://www.chess.com"]

[Event "Titled Tuesday Blitz March 14 Late 2023"]
[White "Bryakin, Mikhail"]
[Black "Bilan, Danila"]
[WhiteFideId "4165314"]
[BlackFideId "24161918"]
[WhiteElo "2449"]
[BlackElo "2182"]
[Result "0-1"]
[Round "01"]
[TimeControl "180+1"]
[Date "2023.03.14"]
[WhiteClock "0:00:19"]
[BlackClock "0:00:06"]

1. e4 c6 2. d4 d5 3. Nc3 dxe4 4. Nxe4 Bf5 5. Ng3 Bg6 6. h4 h6 7. Nf3 Nd7 8. h5 Bh7 9. Bd3 Bxd3 10. Qxd3 Qc7 11. Bd2 e6 12. Ne4 Ngf6 13. O-O-O Bd6 14. Nxd6+ Qxd6 15. Kb1 Qd5 16. c4 Qe4 17. Qxe4 Nxe4 18. Be3 O-O 19. Ne5 Rfd8 20. Kc2 Nd6 21. b3 Rac8 22. g4 b5 23. Nxd7 Rxd7 24. Kc3 Ne4+ 25. Kd3 Nf6 26. f3 c5 27. cxb5 cxd4 28. Bd2 Nd5 29. Rc1 Nc3 30. a4 e5 31. Rc2 Rcd8 32. Rf1 Nd5 33. Rc5 f6 34. Rfc1 Kf7 35. a5 Ke6 36. Rc6+ Rd6 37. b4 Rd7 38. Rxd6+ Rxd6 39. Rc8 Rd7 40. Rc6+ Kf7 41. Rc5 Ke6 42. Kc4 Ne3+ 43. Kb3 Nf1 44. Rc2 d3 45. Ra2 f5 46. gxf5+ Kxf5 47. b6 axb6 48. a6 b5 49. Be1 d2 50. Bxd2 Nxd2+ 51. Kc3 Nb1+ 52. Kb2 Nd2 53. a7 Nc4+ 54. Kc3 Nb6 55. Ra5 Rc7+ 56. Kb3 Na8 57. Ra6 e4 58. fxe4+ Kxe4 59. Ra5 Rb7 60. Kc3 Kd5 61. Kd3 Kc6 62. Ra6+ Rb6 63. Ra1 Kb7 64. Rg1 Rd6+ 65. Ke4 Rd7 66. Ra1 Re7+ 67. Kf5 Rd7 68. Kg6 Nb6 69. Ra5 Rd5 70. Ra1 Rg5+ 71. Kf7 Rxh5 72. Kxg7 Rh4 73. Kg6 Rxb4 74. Kxh6 Ra4 75. Rb1 b4 76. Kg5 Kxa7 77. Kf4 Ka6 78. Ke3 Kb5 79. Kd4 Ra3 80. Rh1 Ka4 81. Rh6 Ka5 82. Kc5 Na4+ 83. Kc4 Rc3+ 84. Kd4 Kb5 85. Rh8 Rc6 86. Rb8+ Rb6 87. Rh8 b3 88. Kd3 Kb4 89. Kd2 Ka3 90. Rh3 Ka2 91. Rh4 Rd6+ 92. Ke2 Nc5 93. Rc4 b2 94. Rxc5 b1=Q 95. Ra5+ Kb2 96. Rb5+ Kc1 97. Rxb1+ 0-1


[Site "https://www.chess.com"]

[Event "Titled Tuesday Blitz March 14 Late 2023"]
[White "Buchenau, Frank"]
[Black "Melkumyan, Hrant"]
[WhiteFideId "4604350"]
[BlackFideId "13302485"]
[WhiteElo "2157"]
[BlackElo "2604"]
[Result "0-1"]
[Round "01"]
[TimeControl "180+1"]
[Date "2023.03.14"]
[WhiteClock "0:00:13"]
[BlackClock "0:00:41"]

1. e4 c5 2. Nf3 Nc6 3. Bb5 g6 4. Bxc6 dxc6 5. d3 Qc7 6. O-O e5 7. Be3 Nh6 8. h3 f6 9. c3 Nf7 10. d4 cxd4 11. cxd4 Be7 12. Nc3 O-O 13. Qb3 Qb6 14. Qxb6 axb6 15. dxe5 fxe5 16. Bxb6 Be6 17. Rfd1 Ra6 18. Be3 Rfa8 19. a3 Ra5 20. Rac1 Nd6 21. b4 Rxa3 22. Bc5 Rxc3 23. Rxc3 Nxe4 24. Re3 Nxc5 25. bxc5 Bxc5 26. Rxe5 Bd5 27. Nd4 Ra4 28. Ne6 Bb6 29. Nd8 Ra2 30. Nxb7 Rxf2 31. Rg5 Rxg2+ 0-1


[Site "https://www.chess.com"]

[Event "Titled Tuesday Blitz March 14 Late 2023"]
[White "Burg, Twan"]
[Black "Senft, Sean"]
[WhiteFideId "1010697"]
[BlackFideId "2044960"]
[WhiteElo "2422"]
[BlackElo "1989"]
[Result "1-0"]
[Round "01"]
[TimeControl "180+1"]
[Date "2023.03.14"]
[WhiteClock "0:00:52"]
[BlackClock "0:00:04"]

1. e4 e5 2. Nf3 Nc6 3. Nc3 Nf6 4. d4 d6 5. Bb5 Bd7 6. O-O exd4 7. Nxd4 Be7 8. Bxc6 bxc6 9. Qf3 c5 10. Nf5 Bxf5 11. Qxf5 O-O 12. b3 Nd7 13. Bb2 Bf6 14. Rad1 Nb6 15. Rfe1 Qc8 16. Qf3 Re8 17. Ba1 Qa6 18. a4 Qa5 19. Nb5 Bxa1 20. Rxa1 Rac8 21. c4 a6 22. Nc3 Re6 23. Qd3 h6 24. Re3 Nd7 25. Nd5 Nf6 26. Nf4 Re5 27. f3 Qb4 28. Qc2 Rce8 29. Nd3 Qb6 30. Nxe5 Rxe5 31. Rd1 Re8 32. h3 Nd7 33. Qd2 Nb8 34. a5 Qc6 35. Qd5 Qxd5 36. cxd5 Nd7 37. b4 cxb4 38. Rb3 f5 39. Rxb4 fxe4 40. Rxe4 Rb8 41. Re7 Ne5 42. Rxc7 Rb5 43. f4 Nf7 44. Re1 1-0


[Site "https://www.chess.com"]

[Event "Titled Tuesday Blitz March 14 Late 2023"]
[White "Caruana, Fabiano"]
[Black "Ezat, Mohamed"]
[WhiteFideId "2020009"]
[BlackFideId "10600906"]
[WhiteElo "2818"]
[BlackElo "2386"]
[Result "1-0"]
[Round "01"]
[TimeControl "180+1"]
[Date "2023.03.14"]
[WhiteClock "0:01:12"]
[BlackClock "0:00:18"]

1. b3 e5 2. Bb2 Nc6 3. e3 Nf6 4. Nf3 Bd6 5. c4 O-O 6. Nc3 e4 7. Ng5 Be5 8. f4 Bxc3 9. Bxc3 h6 10. Nh3 d5 11. Nf2 d4 12. Bb2 Qd6 13. a3 a5 14. Rg1 Qc5 15. Qc1 Qb6 16. g4 Nd7 17. Rg3 Nc5 18. exd4 Nxb3 19. c5 Nxc1 20. cxb6 Nd3+ 21. Nxd3 exd3 22. bxc7 Re8+ 23. Kf2 Be6 24. Bg2 Bc4 25. Re1 Re2+ 26. Rxe2 dxe2 27. d5 Re8 28. Re3 1-0


[Site "https://www.chess.com"]

[Event "Titled Tuesday Blitz March 14 Late 2023"]
[White "Chabris, Christopher"]
[Black "Priasmoro, Novendra"]
[WhiteFideId "2005263"]
[BlackFideId "7105029"]
[WhiteElo "2189"]
[BlackElo "2412"]
[Result "0-1"]
[Round "01"]
[TimeControl "180+1"]
[Date "2023.03.14"]
[WhiteClock "0:00:01"]
[BlackClock "0:01:14"]

1. e4 d6 2. d4 g6 3. Nc3 Nf6 4. Be3 c6 5. Qd2 b5 6. Bd3 Qa5 7. Nf3 Nbd7 8. O-O Nb6 9. b3 b4 10. Ne2 d5 11. e5 Ne4 12. Bxe4 dxe4 13. Ng5 Bf5 14. e6 f6 15. Nf7 Rg8 16. a3 Bxe6 17. axb4 Qd5 18. Nh6 Bxh6 19. Bxh6 g5 20. h4 Rg6 21. c4 Qf5 22. Ng3 Qg4 23. hxg5 fxg5 24. Rae1 Bf5 25. f3 Qxg3 26. fxe4 Rxh6 27. Rxf5 O-O-O 28. c5 Rxd4 29. Qxd4 Qxe1+ 30. Rf1 Rh1+ 31. Kxh1 Qxf1+ 32. Kh2 Nd7 33. Qh8+ Kc7 34. Qxh7 Qf4+ 35. Kg1 Qe5 36. Qg6 Qd4+ 37. Kh2 Qxb4 38. Qxg5 Qxc5 39. Qg7 Qe5+ 0-1


[Site "https://www.chess.com"]

[Event "Titled Tuesday Blitz March 14 Late 2023"]
[White "Chigaev, Maksim"]
[Black "Grycel, Kamil"]
[WhiteFideId "4108116"]
[BlackFideId "1115499"]
[WhiteElo "2547"]
[BlackElo "2465"]
[Result "1-0"]
[Round "01"]
[TimeControl "180+1"]
[Date "2023.03.14"]
[WhiteClock "0:00:10"]
[BlackClock "0:00:05"]

1. e4 b6 2. d4 Bb7 3. Nc3 e6 4. Nf3 Bb4 5. Bd3 Nf6 6. Qe2 d5 7. e5 Ne4 8. O-O Nxc3 9. bxc3 Bxc3 10. Ba3 Bxa1 11. Rxa1 h6 12. Qe3 Nc6 13. Qf4 Qd7 14. Qg4 g5 15. h4 Rg8 16. hxg5 hxg5 17. Nxg5 O-O-O 18. c3 Rg7 19. Qh4 Rdg8 20. f4 Ne7 21. Rf1 Nf5 22. Bxf5 exf5 23. Rf2 Qa4 24. Be7 Ba6 25. Bf6 Rg6 26. Qh3 Qd1+ 27. Kh2 Bd3 28. Nxf7 Qe1 29. Bh4 Qc1 30. Qxd3 R8g7 31. Qxf5+ Kb7 32. e6 c6 33. Nd6+ Ka6 34. Qd3+ b5 35. a4 Kb6 36. axb5 Rg4 37. Nf5 Rh7 38. Qh3 Qc2 39. Rxc2 Rgxh4 40. Nxh4 Rg7 41. f5 1-0


[Site "https://www.chess.com"]

[Event "Titled Tuesday Blitz March 14 Late 2023"]
[White "Christiansen, Johan-Sebastian"]
[Black "Pino Perez, Lazaro"]
[WhiteFideId "1512668"]
[BlackFideId "3517055"]
[WhiteElo "2517"]
[BlackElo "2170"]
[Result "1-0"]
[Round "01"]
[TimeControl "180+1"]
[Date "2023.03.14"]
[WhiteClock "0:00:56"]
[BlackClock "0:01:01"]

1. e4 c5 2. Nf3 g6 3. c3 d5 4. exd5 Qxd5 5. d4 Bg7 6. Nbd2 cxd4 7. Bc4 Qc5 8. Nxd4 Nf6 9. O-O O-O 10. Re1 a6 11. a4 Bg4 12. Qb3 Nc6 13. Nxc6 Qxc6 14. Rxe7 b5 15. axb5 axb5 16. Rxa8 Qxa8 17. Bxf7+ Kh8 18. h3 Bf5 19. Re1 Ne4 20. Bd5 Nxd2 21. Bxd2 Qa7 22. Be3 Qe7 23. Qxb5 Bd7 24. Qc5 Qe8 25. Kf1 Qb8 26. Bd4 Qf4 27. Bxg7+ Kxg7 28. Re7+ Kh6 29. Qe3 1-0


[Site "https://www.chess.com"]

[Event "Titled Tuesday Blitz March 14 Late 2023"]
[White "Coelho, Ramyres Santana"]
[Black "Ozates, Tuna"]
[WhiteFideId "2120690"]
[BlackFideId "6354521"]
[WhiteElo "1888"]
[BlackElo "2151"]
[Result "0-1"]
[Round "01"]
[TimeControl "180+1"]
[Date "2023.03.14"]
[WhiteClock "0:01:56"]
[BlackClock "0:01:47"]

1. e4 c5 2. Nf3 Nc6 3. d4 cxd4 4. c3 e5 5. cxd4 exd4 6. Nxd4 Nf6 7. Nc3 Bb4 8. Nxc6 bxc6 9. Bd3 O-O 10. O-O d6 11. a3 Ba5 12. b4 Bb6 13. Bb2 Ng4 14. h3 Ne5 15. Be2 Qh4 16. a4 a5 17. Qxd6 Re8 18. Na2 Re6 19. Qd2 Ba6 20. Bxa6 Nf3+ 21. gxf3 Qg3+ 22. Kh1 Qxh3+ 23. Kg1 Rg6+ 0-1


[Site "https://www.chess.com"]